 Dungeon Crawl Stone Soup version 0.30-b1-6-gad0e9d6a2d (webtiles) character file.

Game seed: 1233711993621017996

899 LittleThickWarRabbit the Cudgeller (level 7, -3/62 HPs)
             Began as a Minotaur Fighter on May 4, 2023.
             Was an Initiate of Yredelemnul.
             Slain by a manticore (8 damage)
             ... on level 7 of the Dungeon on May 5, 2023.
             The game lasted 00:43:15 (6701 turns).

LittleThickWarRabbit the Cudgeller (MiFi)           Turns: 6701, Time: 00:43:15

Health: -3/62      AC: 17    Str: 22    XL:     7   Next: 79%
Magic:  6/6        EV:  6    Int:  5    God:    Yredelemnul [......]
Gold:   353        SH:  0    Dex: 10    Spells: 6/6 levels left

rFire   x . .        D - +0 glaive
rCold   + + .        (shield currently unavailable)
rNeg    . . .        p - +1 plate armour
rPois   .            (helmet restricted)
rElec   .            (no cloak)
rCorr   .            k - +0 pair of gloves
SInv    .            (no boots)
Will    .....        (no amulet) Stlth
                     e - ring of ice
HPRegen 0.30/turn    q - ring of protection from cold
MPRegen 0.10/turn

%: no passive effects
@: no status effects
A: horns 2, retaliatory headbutt, iridescent scales 1
a: Renounce Religion, Recall Undead Harvest


You were on level 7 of the Dungeon.
You worshipped Yredelemnul.
Yredelemnul was noncommittal.
You visited 1 branch of the dungeon, and saw 7 of its levels.

You collected 353 gold pieces.

Inventory:

Hand Weapons
 a - a +2 flail
 o - a +0 triple crossbow
 D - a +0 glaive (weapon)
Missiles
 g - 12 poisoned darts (quivered)
 n - 4 boomerangs
Armour
 k - a +0 pair of gloves (worn)
 l - a +0 scale mail
 p - a +1 plate armour (worn)
Magical Staves
 d - a staff of fire
Jewellery
 e - a ring of ice (left hand)
 q - a ring of protection from cold (right hand)
Wands
 b - a wand of flame (17)
 c - a wand of charming (10)
 i - a wand of polymorph (9)
Scrolls
 m - a scroll of fog
 r - 3 scrolls of identify
 v - 2 scrolls of blinking
 w - a scroll of enchant weapon
 z - a scroll of amnesia
 B - a scroll of poison
Potions
 f - a potion of haste
 h - 3 potions of attraction
 j - 2 potions of mutation
 s - a potion of berserk rage {unknown}
 t - a potion of curing


   Skills:
 + Level 5.7 Fighting
 + Level 7.3 Maces & Flails
 + Level 0.1 Polearms
 + Level 0.2 Throwing
 + Level 6.6 Armour
 + Level 0.4 Dodging
 + Level 0.7 Stealth
 + Level 4.9 Shields


You had 6 spell levels left.
You didn't know any spells.
Your spell library contained the following spells:

 Spells                   Type           Power      Damage    Failure   Level
 Inner Flame              Hex/Fire       0%         N/A       100%        3
 Yara's Violent Unravell  Hex/Tmut       0%         3d3       100%        5
 Enfeeble                 Hex            0%         N/A       100%        7
 Malign Gateway           Summ/Tloc      0%         N/A       100%        7
 Summon Horrible Things   Summ           0%         N/A       100%        8
 Chain Lightning          Conj/Air       0%         N/A       100%        9
 Fire Storm               Conj/Fire      0%         5d1       100%        9
 Shatter                  Erth           0%         3d5*      100%        9


Dungeon Overview and Level Annotations

Branches:
Dungeon (7/15)             Temple (0/1) D:4

Altars:
Elyvilon
Hepliaklqana
Yredelemnul


Innate Abilities, Weirdness & Mutations

You have a pair of horns on your head.
You reflexively headbutt those who attack you in melee.
You are partially covered in iridescent scales. (AC +2)


Message History

You headbutt the manticore.
The manticore claws you but does no damage. x2
You slash the manticore!
You headbutt the manticore, but do no damage.
The manticore is heavily wounded.
Your iguana zombie bites the manticore.
The manticore completely misses your iguana zombie.
The manticore claws your iguana zombie! x2
You hit the manticore. Your headbutt misses the manticore.
The manticore is heavily wounded.
The manticore bites you!
* * * LOW HITPOINT WARNING * * *
The manticore claws you but does no damage. x2
Your iguana zombie bites the manticore.
The manticore bites your iguana zombie!
Your iguana zombie is destroyed!
The air fills with toxic fumes!
As you read the scroll labelled XIHULA HEANLOKK, it crumbles to dust.
It was a scroll of poison.
The manticore closely misses you. You furiously retaliate!
You headbutt the manticore! The manticore barely misses you.
The manticore claws you but does no damage.
Really walk into that cloud of poison gas? [Y]es or [N]o only, please.
Really walk into that cloud of poison gas? [Y]es or [N]o only, please.
Really walk into that cloud of poison gas? [Y]es or [N]o only, please.
Really walk into that cloud of poison gas?
Okay, then.
A manticore is nearby!
You barely miss the manticore.
The manticore is severely wounded.
The manticore bites you!
* * * LOW HITPOINT WARNING * * *
The manticore claws you.
* * * LOW HITPOINT WARNING * * *
The manticore claws you but does no damage.
The manticore bites you!
You die...
Your body rises from the dead as a mindless zombie.

............
§§§§§§§.§§##............
§§§§§§§.§§##.##.....(...
#§§§§§.§§§..§§.........
§#§§§§§#§§##§##.##......
§§§§§§§.§§§§§##.##......
§§§§§§§.§§§§§...........
§§§§§§§#H§##§##.##......
§§§§§§§@§§§§§§§.........
§#§§§§§§§§§§§§§.##...#..
§§§§§§§§§§§§§§§.........
##§§§§§#§§##§##......#.#
#§§§§§#§§##.##......#.#
#§§§§§.§§§...+.........
#§§§§##§§##.##......#.#
#§§§§##§§##.##.........
...................


You could see a manticore.

Vanquished Creatures
  Edmund (D:4)
  A water moccasin (D:6)
  A black bear (D:6)
  A phantom (D:4)
  2 scorpions (D:6)
  2 jellies
  A hound (D:5)
  3 sleepcaps (D:5)
  2 iguanas
  An orc wizard (D:3)
  3 adders
  A worm (D:5)
  3 dart slugs
  9 orcs
  11 ball pythons
  A bat (D:3)
  8 endoplasms
  2 giant cockroaches (D:1)
  6 goblins
  3 hobgoblins
  5 jackals (D:4)
  11 quokkas
  2 frilled lizards
  5 kobolds
  4 rats
89 creatures vanquished.

Vanquished Creatures (collateral kills)
  2 adders
  A dart slug (D:4)
  An orc (D:6)
4 creatures vanquished.

Vanquished Creatures (others)
  An iguana zombie (D:7)
  A ball python zombie (D:4)
  A jackal zombie (D:4)
  A kobold zombie (D:4)
  25 plants
29 creatures vanquished.

Grand Total: 122 creatures vanquished

Notes
Turn   | Place    | Note
-------+----------+-------------------------------------------
     0 | D:1      | LittleThickWarRabbit the Minotaur Fighter began the quest
                  | for the Orb.
     0 | D:1      | Reached XP level 1. HP: 19/19 MP: 0/0
   496 | D:1      | Reached XP level 2. HP: 20/27 MP: 1/1
  1096 | D:2      | Reached XP level 3. HP: 33/33 MP: 2/2
  1693 | D:3      | Found a white marble altar of Elyvilon.
  1787 | D:3      | Reached skill level 3 in Maces & Flails
  1787 | D:3      | Reached XP level 4. HP: 15/41 MP: 3/3
  2122 | D:3      | Found a basalt altar of Yredelemnul.
  2137 | D:3      | Became a worshipper of Yredelemnul the Dark
  2458 | D:4      | Noticed Edmund
  2462 | D:4      | Reached * piety under Yredelemnul
  2462 | D:4      | Reached skill level 5 in Armour
  2480 | D:4      | Killed Edmund
  2481 | D:4      | Reached skill level 5 in Fighting
  2481 | D:4      | Reached skill level 4 in Maces & Flails
  2481 | D:4      | Reached XP level 5. HP: 6/48 MP: 4/4
  2645 | D:4      | Found a staircase to the Ecumenical Temple.
  2649 | D:4      | Upgraded the game from 0.30-b1-5-g8e6c1be481 to
                  | 0.30-b1-6-gad0e9d6a2d
  2649 | D:4      | Found a hazy altar of Hepliaklqana.
  2663 | D:4      | Reached XP level 6. HP: 38/56 MP: 5/5
  2835 | D:4      | Reached ** piety under Yredelemnul
  2835 | D:4      | Reached skill level 5 in Maces & Flails
  2847 | D:4      | Gained mutation: You are partially covered in iridescent
                  | scales. (AC +2) [potion of mutation]
  3387 | D:4      | Identified the +1 leather armour "Pusk" {*Slow rPois rN+
                  | Dex+6}
  3840 | D:5      | Entered Level 5 of the Dungeon
  4610 | D:6      | Reached XP level 7. HP: 58/61 MP: 6/6
  4627 | D:6      | Reached skill level 6 in Maces & Flails
  5104 | D:6      | Reached skill level 7 in Maces & Flails
  6692 | D:7      | Noticed a manticore
  6701 | D:7      | Slain by a manticore

Illustrated notes

Levels and vault maps discovered:
D:1:      lightli_arrival_quake, layout_basic, minmay_pentomino_v2
D:2:      layout_rooms, grunt_ministairs_7
D:3:      layout_rooms, mainiacjoe_overflow_chevrons, elyvilon_altar_5
D:4:      layout_gridville, overflow_temple_1_default,
          minmay_temple_entry_trees, uniq_edmund
D:5:      layout_loops_ring, serial_bayou_pond_c
D:6:      layout_cave_pods
D:7:      layout_basic, mainiacjoe_overflow_alcove_2, kennysheep_little_box,
          minmay_alternating_orb, uniq_crazy_yiuf_cottage

Skill      XL: |  1  2  3  4  5  6  7 |
---------------+----------------------+-----
Fighting       | 4 5 |  5.7
Armour         | 4 5 6 |  6.6
Shields        | 4 |  4.9
Maces & Flails | 3 4 5 7 |  7.3
Polearms       | |  0.1
Throwing       | |  0.2
Dodging        | |  0.4
Stealth        | |  0.7

Action                     |  1- 3 |  4- 6 |  7- 9 || total
---------------------------+-------+-------+-------++-------
  Melee: Flail             |   104 |   100 |    12 ||   216
         Headbutt          |    17 |    22 |     6 ||    45
         Glaive            |       |       |    17 ||    17
  Throw: Dart              |       |     2 |       ||     2
    Use: Scroll            |     6 |     3 |     4 ||    13
         Potion            |     4 |     3 |     2 ||     9
   Stab: Distracted        |       |     1 |       ||     1
 Armour: Scale mail        |    28 |       |       ||    28
         Plate armour      |    45 |    57 |    37 ||   139
  Dodge: Dodged            |    48 |    13 |    12 ||    73
  Block: Buckler           |    20 |    11 |     1 ||    32
